Map: Ruby Rock LE

Players

TheLordRizz

  • Race: Protoss Protoss
  • League: Master
  • Spawn Location: 11:00

A.I. 2 (Very Easy) - Winner!

  • Race: Protoss Protoss
  • Spawn Location: 5:00

VOD

Have the link to the VOD?

Description

Time

  • Played on: April 14, 2026, 7:10 a.m.
  • Length: 17:24
Show
View Real Time Build Order
Export as new Build Order

TheLordRizz Protoss 

Build Orders: 1 Gate Expand, Oracle Opening, Archon Immortal 

Get SALT Encoding   

  12  0:00  Probe  
  13  0:12  Probe  
  14  0:19  Pylon  
  14  0:24  Probe  
  15  0:33  Probe  
  15  0:39  Gateway  
  15  0:41  Probe  
  16  0:47  Assimilator  
  17  0:51  Probe  
  18  1:05  Probe  
  19  1:17  Probe  
  20  1:24  Nexus  
  20  1:34  Cybernetics Core  
  20  1:37  Probe  
  21  1:41  Assimilator  
  21  1:49  Probe  
  21  1:51  Pylon  
  22  1:59  Probe  
  22  2:00  Adept  
  23  2:07  Probe  
  23  2:15  Stargate, Probe  
  27  2:23  Warp Gate  
  27  2:27  Probe  
  28  2:31  Adept  
  28  2:32  Probe  
  31  2:39  Probe  
  31  2:40  Probe  
  33  2:51  Probe x2  
  33  2:56  Void Ray  
  35  3:03  Probe  
  35  3:04  Probe  
  41  3:09  Pylon  
  41  3:16  Probe  
  41  3:18  Probe  
  43  3:25  Oracle  
  43  3:28  Probe  
  43  3:30  Probe  
  48  3:38  Nexus  
  48  3:41  Probe  
  48  3:46  Probe  
  50  3:50  Gateway  
  50  3:53  Probe  
  50  3:55  Pylon  
  51  3:58  Probe  
  52  4:05  Pylon  
  52  4:09  Assimilator  
  52  4:11  Probe, Assimilator  
  52  4:14  Probe  
  54  4:18  Robotics Facility  
  54  4:19  Robotics Facility  
  54  4:23  Probe  
  55  4:24  Forge  
  55  4:27  Probe  
  56  4:34  Adept  
  56  4:35  Probe  
  59  4:39  Pylon  
  59  4:41  Probe  
  60  4:46  Probe, Protoss Ground Weapons Level 1  
  60  4:47  Probe  
  60  4:49  Probe  
  62  4:55  Probe  
  62  4:57  Probe  
  62  4:58  Immortal  
  62  4:59  Probe  
  65  5:01  Shield Battery  
  65  5:04  Probe  
  67  5:07  Immortal  
  67  5:08  Probe  
  67  5:11  Probe  
  77  5:17  Probe  
  77  5:20  Probe  
  79  5:21  Twilight Council  
  79  5:23  Probe  
  79  5:25  Pylon  
  80  5:29  Probe  
  80  5:32  Probe  
  80  5:33  Immortal  
  82  5:36  Probe  
  82  5:37  Immortal  
  87  5:44  Probe  
  87  5:47  Gateway  
  87  5:49  Charge  
  92  5:50  Probe, Gateway  
  92  5:52  Gateway x2  
  92  5:55  Assimilator  
  92  5:56  Assimilator  
  93  6:03  Templar Archives  
  93  6:06  Probe x3  
  96  6:12  Pylon  
  96  6:14  Photon Cannon  
  96  6:19  Immortal  
  100  6:26  Psionic Storm  
  100  6:27  Immortal  
  104  6:33  Gateway  
  104  6:34  Gateway, Pylon  
  104  6:38  Shield Battery  
  104  6:39  Photon Cannon  
  104  6:41  High Templar x2  
  108  6:51  Nexus  
  108  7:01  Immortal  
  112  7:04  Photon Cannon  
  112  7:05  Pylon  
  112  7:15  High Templar x2  
  116  7:19  Pylon  
  116  7:22  Pylon x2  
  116  7:25  Probe x2, Pylon  
  116  7:26  High Templar x2  
  116  7:29  Probe  
  123  7:31  Immortal  
  123  7:33  Protoss Ground Weapons Level 2  
  123  7:38  Photon Cannon  
  123  7:39  Pylon  
  123  7:41  Shield Battery  
  123  7:42  Immortal  
  131  7:44  Probe  
  131  7:45  Photon Cannon  
  131  7:46  Pylon  
  131  7:50  Probe  
  133  7:52  High Templar  
  133  7:53  High Templar, Photon Cannon  
  133  7:55  Shield Battery  
  137  7:59  Archon  
  137  8:00  Probe  
  137  8:05  Assimilator, Probe  
  139  8:06  Assimilator  
  139  8:08  Probe  
  139  8:12  Gateway  
  140  8:14  Gateway  
  140  8:15  Gateway  
  140  8:16  Probe  
  140  8:18  Immortal  
  145  8:21  Probe x2  
  145  8:22  Probe  
  145  8:26  Immortal, Photon Cannon  
  148  8:27  Pylon  
  148  8:31  Photon Cannon  
  148  8:32  Shield Battery  
  148  8:34  High Templar x2  
  148  8:39  Archon  
  156  8:51  Fleet Beacon  
  156  9:03  High Templar x2  
  156  9:07  Archon  
  156  9:09  High Templar x2  
  164  9:11  Zealot x6, Nexus  
  164  9:12  Pylon  
  164  9:13  Warp Prism  
  164  9:15  Archon  
  176  9:18  Assimilator  
  176  9:19  Observer  
  176  9:20  Assimilator  
  179  9:24  Pylon  
  179  9:26  Probe x3  
  179  9:29  Immortal  
  182  9:32  Probe  
  182  9:38  Probe  
  188  9:39  Mothership  
  196  9:46  Protoss Ground Weapons Level 3  
  196  9:54  Gateway, Zealot x2  
  200  10:00  Gateway  
  200  10:02  Gateway  
  200  10:06  Protoss Air Weapons Level 1  
  200  10:09  Gateway x2  
  200  10:11  Gateway  
  200  10:13  Photon Cannon  
  200  10:14  Photon Cannon  
  200  10:18  Photon Cannon, Shield Battery  
  200  10:19  Shield Battery  
  200  10:24  Forge  
  200  10:34  Stargate x2  
  200  10:50  Protoss Shields Level 1  
  200  11:01  Photon Cannon  
  200  11:02  Photon Cannon  
  200  11:04  Photon Cannon  
  200  11:07  Photon Cannon  
  200  11:09  Photon Cannon  
  200  11:11  Shield Battery  
  200  11:13  Pylon  
  200  11:15  Tempest x2  
  200  11:18  Tempest  
  188  11:19  Zealot x4  
  188  11:20  Zealot x2  
  194  11:30  Cybernetics Core  
  192  11:45  Nexus  
  192  11:51  High Templar x4  
  192  11:53  High Templar x2  
  196  11:54  High Templar  
  196  11:55  High Templar  
  196  11:58  Archon  
  200  12:11  Stargate x2  
  200  12:13  Shield Battery  
  200  12:14  Photon Cannon  
  200  12:15  Photon Cannon, Shield Battery  
  200  12:16  Photon Cannon  
  200  12:21  Photon Cannon, Protoss Air Weapons Level 2  
  200  12:22  Pylon, Protoss Ground Armor Level 1  
  200  12:24  Assimilator  
  200  12:27  Assimilator  
  200  12:29  Pylon  
  200  12:32  Protoss Air Armor Level 1  
  200  12:44  Protoss Shields Level 2  
  200  13:45  Unknown  
  184  13:57  High Templar  
  184  13:58  High Templar x9  
  200  14:03  Archon x5  
  198  14:28  Sentry  
  200  14:41  Zealot x2  
  200  14:42  Zealot x3  
  200  14:43  Zealot  
  162  15:02  Zealot x2  
  162  15:03  Zealot x14  
  162  15:04  Zealot  
  194  15:34  High Templar x3  
  198  16:51  High Templar  
Show
View Real Time Build Order
Export as new Build Order

A.I. 2 (Very Easy) Protoss - Winner!

Build Orders: 1 Gate Expand, Nexus First 

Get SALT Encoding   

  12  0:00  Probe  
  13  0:13  Probe  
  14  0:20  Pylon  
  14  0:42  Gateway  
  14  1:00  Nexus  
  14  1:20  Pylon, Zealot  
  14  1:22  Assimilator  
  16  1:36  Cybernetics Core  
  16  1:37  Probe  
  17  1:49  Probe  
  18  1:59  Assimilator  
  18  2:00  Probe  
  19  2:08  Probe  
  19  2:10  Stalker  
  19  2:14  Probe  
  22  2:19  Probe  
  23  2:25  Warp Gate  
  23  2:26  Probe  
  25  2:37  Probe  
  26  2:48  Probe  
  26  2:49  Assimilator  
  27  2:51  Pylon  
  27  2:55  Probe  
  28  3:01  Probe  
  29  3:10  Probe  
  30  3:13  Robotics Facility, Probe  
  31  3:20  Probe  
  31  3:23  Adept  
  34  3:31  Probe  
  35  3:35  Probe  
  36  3:45  Probe  
  36  3:53  Probe  
  37  4:00  Probe  
  37  4:01  Observer  
  39  4:05  Probe  
  40  4:13  Probe  
  40  4:16  Assimilator  
  41  4:18  Probe, Observer  
  43  4:25  Probe  
  42  4:33  Sentry  
  42  4:36  Probe  
  45  4:44  Probe  
  46  4:51  Probe  
  47  4:54  Pylon  
  47  4:58  Probe  
  48  5:05  Probe  
  49  5:10  Probe  
  50  9:42  Observer  
  50  10:21  Warp Prism  
  50  10:29  Stalker  
  50  10:30  Gateway  
  50  10:32  Robotics Bay  
  54  10:42  Stargate  
  54  10:47  Pylon  
  54  10:51  Observer  
  54  10:58  Immortal  
  55  11:13  Probe  
  46  11:23  Gateway  
  46  11:24  Probe  
  38  11:28  Probe  
  33  11:39  Probe  
  40  11:44  Probe  
  40  11:45  Nexus  
  36  11:52  Probe  
  37  11:56  Probe  
  35  12:03  Probe  
  35  12:06  Zealot  
  38  12:12  Nexus  
  38  12:15  Probe  
  32  12:18  Cybernetics Core  
  32  12:22  Probe  
  20  12:35  Zealot  
  20  12:37  Probe  
  21  12:42  Pylon  
  17  12:49  Probe  
  17  12:55  Gateway  
  17  13:01  Probe, Robotics Facility  
  17  13:04  Zealot  
  17  13:08  Pylon  
  17  13:13  Probe  
  18  13:21  Probe  
  18  13:24  Stargate  
  19  13:27  Probe  
  19  13:30  Probe  
  19  13:31  Assimilator  
  19  13:32  Stalker  
  22  13:37  Assimilator  
  21  13:41  Probe  
  21  13:48  Probe  
  21  13:50  Warp Prism  
  21  13:53  Robotics Bay  
  22  13:55  Probe  
  22  14:01  Zealot  
  22  14:03  Probe  
  22  14:04  Gateway  
  18  14:10  Probe  
  14  14:17  Probe  
  14  14:22  Probe  
  14  14:23  Observer  
  14  14:30  Zealot  
  17  14:32  Probe  
  17  14:35  Probe  
  19  14:46  Probe  
  20  14:53  Probe  
  20  14:59  Stalker  
  23  15:00  Probe  
  24  15:08  Probe  
  24  15:13  Stalker  
  23  15:15  Probe  
  22  15:21  Probe  
  22  15:26  Zealot  
  21  15:30  Probe  
  21  15:32  Pylon  
  21  15:33  Probe  
  20  15:42  Pylon  
  21  15:44  Probe  
  21  15:46  Stalker  
  21  15:48  Probe  
  21  15:59  Probe, Stargate  
  22  16:06  Probe  
  22  16:09  Zealot  
  25  16:14  Probe  
  25  16:17  Gateway  
  26  16:21  Probe  
  27  16:27  Probe  
  27  16:29  Pylon  
  27  16:30  Sentry  
  29  16:36  Probe, Robotics Facility  
  29  16:39  Probe  
  28  16:51  Probe  
  28  16:53  Stalker  
  28  16:54  Probe  
  31  16:57  Pylon  
  28  17:05  Probe  
  28  17:06  Pylon  
  28  17:11  Stalker  
  28  17:12  Probe  
  32  17:24  Zealot  
Tags
 
Add a new tag
Caveats
  • Supply blocks, unpowered buildings, or Contaminate may cause inaccurate times.
  • Supply counts are checked every 10 seconds.